AoeStats
← Lacri

Arena

504827848Analyzed
2v2 RM · 25d ago on Sep 6, 2026· 38m 59s· 4 players
Game mode
Random Map
Map size
Medium (4 player)
Population
200
Speed
Normal
Resources
Standard
Victory
Conquest
Starting age
Dark Age
Ending age
Imperial Age
RankedLock teamsTeams togetherTeam positionsShared explorationLock speedFull tech treeHidden civsTurbo modeCheats
Victory
Defeat
🇫🇷 Cumans · France
1263
+15
🇫🇮 Teutons · Finland
1231
+16
🇦🇹 Burgundians · Austria
1257
-16
🇩🇪 Mongols · Germany
1213
-15
Shaco Shabracco
10:19 Feudal Age
11:20 Loom
14:19 Castle Age
12:51 Double-Bit Axe
12:59 Horse Collar
16:14 Bow Saw
17:40 Gold Mining
18:40 Fletching
31:26 Wheelbarrow
33:33 Town Watch
38:43 Gold Shaft Mining
39:04 Bodkin Arrow
Lacri
3:52 Double-Bit Axe
11:15 Feudal Age
15:22 Castle Age
14:13 Loom
15:14 Bow Saw
25:15 Wheelbarrow
29:12 Two-Man Saw
27:56 Horse Collar
33:26 Scale Barding Armor
38:33 Imperial Age
36:54 Chain Barding Armor
37:48 Forging
pilots_son93
9:17 Loom
11:30 Feudal Age
16:16 Castle Age
14:33 Double-Bit Axe
18:16 Scale Mail Armor
18:06 Man-at-Arms
19:24 Long Swordsman
21:03 Gambesons
22:37 Arson
22:53 Squires
31:06 Horse Collar
32:19 Gold Mining
33:41 Stone Mining
36:08 Wheelbarrow
36:37 Town Watch
37:08 Hand Cart
37:48 Ballistics
38:01 Bow Saw
37:53 Fletching
38:04 Padded Archer Armor
37:46 Elite Skirmisher
39:42 Stone Shaft Mining
Sacks910
6:24 Loom
8:31 Feudal Age
9:20 Double-Bit Axe
13:04 Horse Collar
21:51 Castle Age
20:36 Forging
20:57 Gold Mining
22:41 Heavy Plow
23:21 Bow Saw
24:58 Iron Casting
26:21 Scale Barding Armor
27:44 Wheelbarrow
29:25 Gold Shaft Mining
32:14 Imperial Age
30:01 Hand Cart
30:25 Iron Casting
30:47 Bloodlines
31:00 Chain Barding Armor
32:14 Cavalier
33:59 Plate Barding Armor
35:11 Blast Furnace
34:29 Paladin
37:44 Capped Ram
38:46 Conscription
38:21 Light Cavalry
Connection lost

Rejoining the realm…

Still unreachable

The connection could not be restored.

Session expired

The server has moved on; the page needs a fresh start.